 Dungeon Crawl Stone Soup version 0.27.1-34-g3ba077fa99 (webtiles) character file.

Game seed: 1882380724909638162

33 cbfl8 the Covered (level 3, 0/33 HPs)
             Began as a Minotaur Fighter on Jan 19, 2022.
             Succumbed to a goblin's poison
             ... on level 1 of the Dungeon.
             The game lasted 00:01:32 (1243 turns).

cbfl8 the Covered (Minotaur Fighter)                Turns: 1243, Time: 00:01:33

Health: 0/33       AC:  7    Str: 20    XL:     3   Next: 12%
Magic:  2/2        EV:  7    Int:  6    God:
Gold:   20         SH:  9    Dex:  9    Spells: 2/2 levels left

rFire    . . .     SeeInvis .   a - +0 war axe
rCold    . . .     Faith    .   c - +0 kite shield
rNeg     . . .     Spirit   .   b - +0 scale mail
rPois    .         Reflect  .   (helmet restricted)
rElec    .         Harm     .   (no cloak)
rCorr    .         Rampage  .   (no gloves)
Will     .....                  (no boots)
Stlth    ..........             (no amulet)
HPRegen  0.11/turn              (no ring)
MPRegen  0.08/turn              (no ring)

@: lethally poisoned (0 -> -12), attractive
A: horns 2, retaliatory headbutt
a: no special abilities


You were on level 1 of the Dungeon.
You visited 1 branch of the dungeon, and saw 1 of its levels.

You collected 20 gold pieces.

Inventory:

Hand Weapons
 a - a +0 war axe (weapon)
 i - a +2 dagger of venom
Armour
 b - a +0 scale mail (worn)
 c - a +0 kite shield (worn)
Scrolls
 e - 2 scrolls of identify {unknown}
 g - a scroll of vulnerability {unknown}
 h - a scroll of silence {unknown}
Potions
 d - a potion of might


   Skills:
 + Level 4.0 Fighting
 + Level 2.9 Axes
 + Level 4.3 Armour
 + Level 0.2 Dodging
 + Level 4.0 Shields


You had 2 spell levels left.
You didn't know any spells.
Your spell library was empty.

Dungeon Overview and Level Annotations

Branches:
Dungeon (1/15)

Altars:


Innate Abilities, Weirdness & Mutations

You have a pair of horns on your head.
You reflexively headbutt those who attack you in melee.


Message History

A goblin comes into view. It is wielding a +2 dagger of venom.
The goblin shouts!
The bat hits you but does no damage. The bat hits you but does no damage.
The bat hits you but does no damage. x2
The bat closely misses you.
You slash the bat!
You kill the bat!
Your Fighting skill increases to level 4!
The goblin hits you but does no damage.
You are poisoned.
You see here a bat corpse.
You closely miss the goblin. Your headbutt misses the goblin.
You feel very sick.
The goblin hits you with a +2 dagger of venom.
You are more poisoned.
The goblin hits you but does no damage.
You are lethally poisoned!
You closely miss the goblin. Your headbutt misses the goblin.
You feel extremely sick.
The goblin hits you with a +2 dagger of venom.
You are more poisoned.
You slash the goblin!
You kill the goblin!
* * * LOW HITPOINT WARNING * * *
You feel extremely sick.
* * * LOW HITPOINT WARNING * * *
You feel very sick.
Things that are here:
a +2 dagger of venom; a goblin corpse
There is a lethal amount of poison in your body!
There is a lethal amount of poison in your body!
There is a lethal amount of poison in your body!
There is a lethal amount of poison in your body!
i - a +2 dagger of venom
* * * LOW HITPOINT WARNING * * *
You feel very sick.
It was a potion of attraction.
You feel attractive to monsters.
You die...

## ..####### ........#
..###.###†#
..##...##@####### .
..#.....#........ #
##.........######.# .
..#.....#........#
########.##...##..#######
#........#######..#
#...........[....##
#.......##########
..>.....#


There were no monsters in sight!

Vanquished Creatures
  2 ball pythons (D:1)
  3 bats (D:1)
  2 endoplasms (D:1)
  4 goblins (D:1)
  2 hobgoblins (D:1)
  6 jackals (D:1)
  2 kobolds (D:1)
  3 quokkas (D:1)
  4 frilled lizards (D:1)
  A rat (D:1)
29 creatures vanquished.

Notes
Turn   | Place    | Note
-------+----------+-------------------------------------------
     0 | D:1      | cbfl8 the Minotaur Fighter began the quest for the Orb.
     0 | D:1      | Reached XP level 1. HP: 19/19 MP: 0/0
   548 | D:1      | Reached XP level 2. HP: 25/27 MP: 1/1
  1148 | D:1      | Reached XP level 3. HP: 33/33 MP: 2/2
  1243 | D:1      | Succumbed to a goblin's poison

Illustrated notes

Levels and vault maps discovered:
D:1:      dpeg_arrival_ternary, layout_basic, minmay_misc_feat_enclosed,
          interstate_on_off

Skill      XL: |  1  2  3 |
---------------+----------+-----
Armour         | 4 |  4.3
Shields        | 4 |  4.0
Fighting       | 4 |  4.0
Axes           | |  2.9
Dodging        | |  0.2

Action                   || total
-------------------------++-------
Melee: War axe           ||    64
       Headbutt          ||     7
  Use: Potion            ||     1
Armor: Scale mail        ||    47
Dodge: Dodged            ||    28
Block: Kite shield       ||    43
